 Dungeon Crawl Stone Soup version 0.27-a0-1136-g0b992a5a9d (webtiles) character file.

Game seed: 12195234311805591079

1631 leviel the Cleaver (level 8, -3/106 HPs)
             Began as a Minotaur Berserker on May 4, 2021.
             Was a Priest of Trog.
             Slain by a sixfirhy (11 damage)
             ... summoned by a kobold demonologist
             ... on level 5 of the Dungeon.
             The game lasted 00:07:47 (6416 turns).

leviel the Cleaver (Minotaur Berserker)             Turns: 6416, Time: 00:07:47

Health: -3/106     AC:  9    Str: 25    XL:     8   Next: 65%
Magic:  7/7        EV: 12    Int:  4    God:    Trog [***...]
Gold:   156        SH:  4    Dex:  9    Spells: 7/7 levels left

rFire    . . .     SeeInvis .   a - +1 hand axe
rCold    + + .     Faith    .   c - +0 buckler
rNeg     . . .     Spirit   .   v - +3 ring mail {rC+}
rPois    .         Reflect  .   (helmet restricted)
rElec    .         Harm     .   (no cloak)
rCorr    .         Rampage  .   (no gloves)
Will     ++...                  (no boots)
Stlth    ..........             (no amulet)
HPRegen  1.27/turn              i - ring of protection from cold
MPRegen  0.10/turn              (no ring)

@: berserking, strong-willed, regenerating, studying Axes, very quick
A: horns 2, retaliatory headbutt
a: Renounce Religion, Berserk, Trog's Hand


You were on level 5 of the Dungeon.
You worshipped Trog.
Trog was most pleased with you.
You visited 1 branch of the dungeon, and saw 5 of its levels.
You also visited: Ossuary.

You collected 156 gold pieces.

Inventory:

Hand Weapons
 a - a +1 hand axe (weapon)
Armour
 c - a +0 buckler (worn)
 v - a +3 ring mail of cold resistance (worn)
Jewellery
 i - a ring of protection from cold (left hand)
Wands
 b - a wand of iceblast (6)
 r - a wand of charming (9)
Scrolls
 h - a scroll of enchant armour
 l - a scroll of identify
 o - a scroll of blinking {unknown}
 u - 2 scrolls of acquirement
Potions
 d - 2 potions of mutation
 e - 3 potions of lignification
 f - a potion of experience {unknown}
 g - a potion of heal wounds {unknown}
 j - a potion of invisibility {unknown}
 m - 3 potions of attraction {unknown}
 n - 2 potions of degeneration {unknown}
 p - a potion of flight {unknown}
 q - 5 potions of curing {unknown}
 s - a potion of magic {unknown}
 t - a potion of ambrosia {unknown}


   Skills:
 + Level 6.8 Fighting
 + Level 10.3 Axes
 + Level 6.4 Armour
 + Level 4.8 Dodging
 - Level 0.6 Stealth
 - Level 4.0 Shields
 + Level 0.4 Evocations


You had 7 spell levels left.
You didn't know any spells.
Your spell library was empty.

Dungeon Overview and Level Annotations

Branches:
Dungeon (5/15)            Ossuary (visited)
 Temple: D:4-7

Altars:
Cheibriados
Fedhas
Gozag
Makhleb
Ru
Trog
Uskayaw
Yredelemnul


Innate Abilities, Weirdness & Mutations

You have a pair of horns on your head.
You reflexively headbutt those who attack you in melee.


Message History

The kobold demonologist is moderately wounded.
You miss the kobold. You completely miss the sixfirhy. You hit the shadow imp.
You miss the sixfirhy.
The kobold demonologist hits you but does no damage.
The kobold hits you with a +0 whip. The shadow imp barely misses you.
You hit the kobold demonologist.
The kobold demonologist is heavily wounded.
You slash the kobold!
You kill the kobold!
Trog accepts your kill.
You miss the sixfirhy. You hit the shadow imp.
You kill the shadow imp!
You hit the sixfirhy.
You barely miss the kobold demonologist.
Your headbutt misses the kobold demonologist.
The kobold demonologist is heavily wounded.
You miss the sixfirhy. You closely miss the sixfirhy.
You barely miss the kobold brigand. The sixfirhy hits you.
The sixfirhy shocks you!
The sixfirhy hits you but does no damage.
The sixfirhy closely misses you.
The kobold demonologist hits you with a +0 dagger.
The sixfirhy hits you. The sixfirhy shocks you!
The kobold brigand hits you with a +0 short sword.
You slash the kobold demonologist!
The kobold demonologist is severely wounded.
You closely miss the sixfirhy. You slash the kobold!
You kill the kobold!
Trog accepts your kill.
You slash the sixfirhy! You slash the kobold brigand! The sixfirhy hits you.
The sixfirhy shocks you!
* * * LOW HITPOINT WARNING * * *
The sixfirhy hits you.
* * * LOW HITPOINT WARNING * * *
The sixfirhy shocks you!
* * * LOW HITPOINT WARNING * * *
The sixfirhy hits you.
* * * LOW HITPOINT WARNING * * *
The sixfirhy shocks you!
You die...

#.##..##.####.......###
#....##..###........#
##..#....##...#.....#
#..#.........###....###
#..##........##
#....##. #..#
##......## #....#..
#..# ##§§...# ##...##.
### ##§.3...# #...###
#K3@...## #....#
#...KK##.# ###....#
#....K##### #......##
#..?..# ##.......#
.....# #......... ....#
#......... ....
##......... ...
#.....(.... ##.........


You could see a kobold demonologist, 2 sixfirhies, a kobold brigand and 2
kobolds.

Vanquished Creatures
  A kobold demonologist (D:5)
  Duvessa (D:5)
  2 black bears (D:5)
  A centaur (D:5)
  3 necrophages
  A phantom (D:3)
  3 scorpions
  Dowan (D:5)
  A centaur zombie (D:5)
  A hound (D:4)
  A human zombie (Ossuary)
  3 mummies (Ossuary)
  Robin (D:3)
  8 gnolls
  7 adders
  A shadow imp (D:5)
  A white imp (D:5)
  An ufetubus (D:4)
  An adder skeleton (D:4)
  2 adder zombies (Ossuary)
  3 worms
  4 dart slugs
  5 orcs
  9 bats
  4 endoplasms
  2 giant cockroaches
  17 goblins
  8 hobgoblins
  2 jackals (D:4)
  6 quokkas
  6 ball pythons
  4 frilled lizards
  2 goblin zombies (Ossuary)
  4 hobgoblin zombies (Ossuary)
  6 kobolds
  2 kobold zombies (Ossuary)
  6 quokka zombies
  4 rats (D:3)
  3 rat zombies
138 creatures vanquished.

Notes
Turn   | Place    | Note
-------+----------+-------------------------------------------
     0 | D:1      | leviel the Minotaur Berserker began the quest for the Orb.
     0 | D:1      | Reached XP level 1. HP: 19/19 MP: 0/0
   650 | D:1      | Reached XP level 2. HP: 23/27 MP: 1/1
   717 | D:1      | Found a faded altar of an unknown god.
   771 | D:1      | Reached skill level 4 in Axes
  1349 | D:2      | Reached XP level 3. HP: 26/33 MP: 2/2
  1433 | D:2      | Reached ** piety under Trog
  1494 | D:2      | Reached skill level 1 in Shields
  1779 | D:2      | Found a burning altar of Makhleb.
  2383 | D:3      | Reached XP level 4. HP: 39/41 MP: 3/3
  2492 | D:3      | Noticed a phantom
  2502 | D:3      | Killed a phantom
  2503 | D:3      | Reached skill level 5 in Fighting
  2503 | D:3      | Reached skill level 5 in Axes
  2503 | D:3      | Reached XP level 5. HP: 31/48 MP: 4/4
  2759 | D:3      | Found a sacrificial altar of Ru.
  2759 | D:3      | Found an opulent altar of Gozag.
  2807 | D:3      | Noticed Robin
  2819 | D:3      | Killed Robin
  3216 | D:4      | Reached XP level 6. HP: 42/56 MP: 5/5
  3326 | D:4      | Found a hide-covered altar of Uskayaw.
  3514 | D:4      | Found a sand-covered staircase.
  3522 | Ossuary  | Entered an ossuary
  3530 | Ossuary  | Reached skill level 6 in Axes
  3729 | Ossuary  | Reached *** piety under Trog
  4109 | D:4      | Identified 3 scrolls of acquirement
  4109 | D:4      | Acquired a manual of Axes
  4312 | D:4      | Found a basalt altar of Yredelemnul.
  4371 | D:4      | Reached XP level 7. HP: 57/61 MP: 6/6
  4776 | D:5      | Entered Level 5 of the Dungeon
  4835 | D:5      | Reached skill level 7 in Axes
  5253 | D:5      | Reached skill level 8 in Axes
  5297 | D:5      | Found a bloodstained altar of Trog.
  5304 | D:5      | Reached skill level 5 in Armour
  5420 | D:5      | Noticed Duvessa
  5421 | D:5      | Noticed Dowan
  5434 | D:5      | HP: 3/94 [Duvessa/+0 rapier (4)]
  5435 | D:5      | Killed Duvessa
  5436 | D:5      | Reached XP level 8. HP: 5/70 MP: 7/7
  5437 | D:5      | Killed Dowan
  5717 | D:5      | Reached skill level 9 in Axes
  5766 | D:5      | Found a blossoming altar of Fedhas.
  5863 | D:5      | Found a snail-covered altar of Cheibriados.
  6398 | D:5      | Noticed a kobold demonologist
  6399 | D:5      | Noticed a kobold demonologist
  6405 | D:5      | Noticed a sixfirhy
  6412 | D:5      | Noticed a sixfirhy
  6412 | D:5      | Killed a kobold demonologist
  6413 | D:5      | Reached skill level 10 in Axes
  6416 | D:5      | Slain by a sixfirhy

Illustrated notes

Levels and vault maps discovered:
D:1:      dpeg_arrival_round_a, layout_loops_corners,
          shapermc_ecumenical_altar_notcrosses
D:2:      layout_rooms, basic_altar, hangedman_decor_clover_reticule,
          minmay_box_of_dots
D:3:      kennysheep_big_flooded_room, layout_rooms,
          gammafunk_temple_overflow_elements, minivault_23, uniq_robin
D:4:      layout_layer_cave, eat_drink_and_be_merry_uskayaw, lemuel_tele_altar,
          enter_ossuary_4
D:5:      layout_cave_pods, slow_altar_1, lemuel_doored_altar,
          trog_butcher_becter, uniq_duvessa

Skill      XL: |  1  2  3  4  5  6  7  8 |
---------------+-------------------------+-----
Fighting       | 4 5 6 |  6.8
Axes           | 4 5 6 8 10 | 10.3
Shields        | 1 2 3 4 |  4.0
Dodging        | 3 4 |  4.8
Armour         | 3 5 6 |  6.4
Stealth        | |  0.6
Evocations     | |  0.4

Action                   |  1- 3 |  4- 6 |  7- 9 || total
-------------------------+-------+-------+-------++-------
Melee: Hand axe          |    78 |   134 |   107 ||   319
       Headbutt          |     9 |    23 |    29 ||    61
Invok: Berserk           |       |     4 |     3 ||     7
       Trog's Hand       |       |     1 |     3 ||     4
Evoke: Wand              |       |       |     2 ||     2
  Use: Scroll            |       |     9 |       ||     9
Armor: Animal skin       |    17 |       |       ||    17
       Ring mail         |     5 |    27 |    46 ||    78
Dodge: Dodged            |    44 |    74 |    63 ||   181
Block: Buckler           |     9 |    23 |    17 ||    49

Table legend: (Time is in decaauts)
 A = Elapsed time spent in this place.
 B = Non-inter-level travel time spent in this place.
 C = Inter-level travel time spent in this place.
 D = Time resting spent in this place.
 E = Time spent auto-exploring this place.
 F = Levels seen in this place.
 G = Mean time per level.
                   A        B        C        D        E       F      G
               +--------+--------+--------+--------+--------+-----+--------+
         Total |   6481 |   6336 |    145 |    795 |   4819 |   6 | 1080.2 |
       Dungeon |   6040 |   5895 |    145 |    634 |   4622 |   5 | 1208.0 |
       Ossuary |    441 |    441 |      0 |    160 |    197 |   1 |  441.0 |
               +--------+--------+--------+--------+--------+-----+--------+

Top non-repeatable levels by time:
     D:5: 1649 daAuts
     D:1: 1343 daAuts
     D:4: 1323 daAuts
     D:2: 1026 daAuts
     D:3: 698 daAuts
 Ossuary: 441 daAuts
